Map: Merry Go Round LE

Players

Gracz - Winner!

  • Race: Protoss Protoss
  • League: Bronze
  • Spawn Location: 11:00

Saiko - Winner!

  • Race: Protoss Protoss
  • Spawn Location: 6:00

HAJPER

  • Race: Zerg Zerg
  • Spawn Location: 1:00

VOD

Have the link to the VOD?

Description

Time

  • Played on: Sept. 17, 2016, 2:41 p.m.
  • Length: 11:35
Show
View Real Time Build Order
Export as new Build Order

Gracz Protoss - Winner!

Build Orders:  

Get SALT Encoding   

  12  0:01  Probe (Chrono Boost)  
  13  0:12  Probe (Chrono Boost)  
  14  0:22  Probe (Chrono Boost)  
  15  0:32  Pylon  
  15  0:42  Assimilator  
  15  0:50  Probe (Chrono Boost)  
  16  1:01  Probe (Chrono Boost)  
  16  1:02  Gateway x2  
  17  1:11  Probe (Chrono Boost)  
  18  1:22  Probe (Chrono Boost)  
  20  1:32  Probe (Chrono Boost)  
  20  1:43  Probe (Chrono Boost)  
  21  1:49  Pylon  
  21  1:50  Pylon  
  21  1:51  Pylon  
  21  1:53  Probe (Chrono Boost)  
  22  1:54  Assimilator  
  22  2:04  Probe (Chrono Boost)  
  23  2:10  Gateway  
  23  2:12  Gateway  
  23  2:37  Nexus  
  23  2:46  Probe (Chrono Boost)  
  24  2:57  Probe (Chrono Boost)  
  25  3:05  Zealot, Cybernetics Core  
  27  3:07  Probe (Chrono Boost)  
  28  3:19  Probe (Chrono Boost)  
  29  3:29  Probe (Chrono Boost)  
  30  3:41  Warp Gate  
  28  4:00  Probe (Chrono Boost)  
  28  4:01  Probe (Chrono Boost)  
  30  4:09  Gateway  
  30  4:10  Probe (Chrono Boost)  
  30  4:13  Stargate, Probe (Chrono Boost)  
  32  4:21  Probe (Chrono Boost)  
  34  4:25  Probe (Chrono Boost)  
  34  4:32  Probe (Chrono Boost)  
  34  4:34  Assimilator  
  34  4:37  Probe (Chrono Boost)  
  36  4:38  Assimilator  
  36  4:42  Probe (Chrono Boost)  
  36  4:44  Stargate  
  37  4:49  Probe (Chrono Boost)  
  37  4:52  Robotics Facility  
  39  4:53  Probe (Chrono Boost)  
  39  4:59  Oracle  
  42  5:02  Probe (Chrono Boost)  
  42  5:03  Probe (Chrono Boost)  
  44  5:14  Probe x2 (Chrono Boost)  
  46  5:16  Gateway  
  46  5:17  Gateway  
  46  5:28  Oracle  
  46  5:35  Mothership Core (Chrono Boost)  
  48  6:13  Void Ray x2  
  48  6:15  Stalker x3  
  62  6:22  Pylon  
  62  6:48  Fleet Beacon  
  62  6:51  Stalker x3  
  68  7:10  Stalker  
  70  7:18  Pylon  
  70  7:22  Pylon  
  70  7:36  Void Ray x2  
  78  7:46  Stalker  
  78  7:47  Stalker  
  78  7:48  Stalker  
  84  8:12  Stalker  
  86  8:40  Void Ray  
  85  9:00  Pylon  
  85  9:03  Pylon  
  85  9:09  Pylon  
  85  9:14  Pylon  
  85  9:17  Nexus, Void Ray  
  85  9:21  Pylon  
  85  9:23  Tempest  
  93  9:25  Pylon  
  93  9:29  Assimilator  
  93  9:34  Assimilator  
  87  9:59  Stalker x4  
  95  10:00  Tempest, Stalker x3  
  95  10:03  Immortal  
  95  10:06  Tempest  
  105  10:39  Stalker  
  105  10:40  Stalker x3  
  105  10:41  Stalker  
  105  10:42  Stalker, Immortal  
Show
View Real Time Build Order
Export as new Build Order

Saiko Protoss - Winner!

Build Orders:  

Get SALT Encoding   

  12  2:20  Assimilator  
  12  2:45  Probe (Chrono Boost)  
  14  3:00  Probe (Chrono Boost)  
  14  3:10  Probe (Chrono Boost)  
  15  3:38  Pylon  
  15  3:56  Probe (Chrono Boost)  
  16  4:17  Gateway  
  16  4:21  Probe (Chrono Boost)  
  17  4:31  Probe (Chrono Boost)  
  18  4:42  Probe (Chrono Boost)  
  18  4:43  Assimilator  
  20  4:53  Probe (Chrono Boost)  
  20  5:59  Cybernetics Core  
  20  6:04  Pylon  
  20  6:07  Pylon  
  20  6:15  Forge, Zealot  
  22  6:42  Zealot  
  24  7:27  Protoss Ground Weapons Level 1  
  24  8:55  Nexus  
  24  9:10  Stalker  
  26  9:40  Stalker  
  26  9:44  Robotics Facility  
  28  10:10  Stalker  
  30  10:40  Stalker  
  30  10:42  Probe (Chrono Boost)  
  33  10:53  Probe (Chrono Boost)  
  34  11:03  Probe (Chrono Boost)  
  37  11:14  Probe (Chrono Boost)  
  38  11:24  Probe (Chrono Boost)  
Show
View Real Time Build Order
Export as new Build Order

HAJPER Zerg 

Build Orders: Pool First 

Get SALT Encoding   

  12  0:02  Drone  
  13  0:13  Overlord  
  13  0:33  Spawning Pool  
  12  0:37  Drone  
  12  0:39  Drone  
  14  1:11  Drone  
  15  1:28  Queen  
  15  1:30  Hatchery  
  16  1:33  Zergling x4  
  16  1:37  Overlord  
  18  2:00  Drone  
  20  2:01  Drone  
  20  2:18  Extractor  
  20  2:22  Queen  
  21  2:26  Overlord, Drone  
  22  2:41  Queen  
  22  2:42  Drone  
  25  2:54  Drone  
  25  2:55  Drone, Overlord  
  27  3:06  Drone x2  
  27  3:09  Queen  
  31  3:22  Evolution Chamber  
  30  3:29  Spine Crawler  
  30  3:33  Extractor, Drone  
  29  3:34  Drone x2  
  31  3:58  Queen  
  31  4:00  Overlord  
  31  4:01  Drone x2  
  35  4:09  Roach Warren  
  34  4:12  Drone x3  
  34  4:13  Drone, Overlord  
  34  4:14  Zergling x4  
  40  4:19  Drone x2  
  42  4:29  Zerg Missile Weapons Level 1  
  42  4:37  Drone x2  
  42  4:38  Drone  
  45  4:41  Lair  
  45  4:50  Roach x3  
  51  4:53  Drone  
  52  5:08  Roach x3  
  58  5:20  Roach x4  
  66  5:22  Drone  
  67  5:30  Extractor, Drone x2  
  68  5:47  Extractor  
  68  5:48  Overlord  
  68  5:49  Overlord  
  66  6:14  Zergling x4  
  66  6:15  Roach x4  
  66  6:17  Roach, Overlord x2  
  66  6:18  Roach  
  78  7:06  Roach x6  
  90  7:10  Overlord  
  90  7:11  Overlord x3  
  90  7:13  Drone x2  
  88  7:39  Roach x2  
  88  7:40  Roach x3  
  88  7:42  Roach x2  
  100  7:57  Spire  
  97  8:10  Spore Crawler  
  96  8:13  Spore Crawler  
  96  8:16  Spore Crawler  
  90  8:25  Queen  
  85  9:08  Mutalisk x2  
  85  9:09  Mutalisk  
  83  9:48  Mutalisk  
  83  9:49  Mutalisk x5  
  44  10:49  Roach x2  
  38  10:50  Roach x4  
Tags
 
Add a new tag
Caveats
  • Supply blocks, unpowered buildings, or Contaminate may cause inaccurate times.
  • Supply counts are checked every 10 seconds.